[Event "Team 45 45 League T43"]
[Site "Internet Chess Club"]
[Date "2009.10.31"]
[Round "1"]
[White "chess9793"]
[Black "LuxAeterna"]
[Result "1-0"]
[WhiteElo "1835"]
[BlackElo "1808"]
[Opening "Caro-Kann: exchange variation"]
[ECO "B13"]
[Time "18:00:58"]
[TimeControl "2700+45"]

1. e4 c6 2. d4 d5 3. exd5 cxd5 4. Bd3 g6 5. c3 Nf6 6. Bf4 Nc6 7. Nf3 Bg7 8. O-O
O-O 9. Nbd2 Nh5 10. Be3 Qc7 11. g3 Bg4 12. Qb3 Rad8 13. Rfe1 Rfe8 14. Bf1 Qd7
15. Bg2 Bh3 16. Bxh3 Qxh3 17. Qxb7 Rd6 18. Qb3 h6 19. Qc2 g5 20. Qd3 g4 21. Nh4
Bf6 22. Nf5 Re6 23. Nxh6+ Kg7 24. Nf5+ Kh8 25. Qf1 {Black resigns} 1-0

[Event "Team 45 45 League T43"]
[Site "Internet Chess Club"]
[Date "2009.10.30"]
[Round "1"]
[White "MOchess-boy"]
[Black "tsia68"]
[Result "0-1"]
[WhiteElo "1819"]
[BlackElo "1920"]
[Opening "King's Indian: 4.e4"]
[ECO "E70"]
[Time "17:36:50"]
[TimeControl "2700+45"]

1. d4 Nf6 2. c4 g6 3. Nc3 Bg7 4. e4 d6 5. Bd3 O-O 6. Nge2 e5 7. d5 Nh5 8. O-O f5
9. exf5 gxf5 10. f3 a5 11. Rb1 Na6 12. a3 Nc5 13. Bc2 Qh4 14. b4 axb4 15. axb4
Na6 16. Bd3 Bd7 17. Qc2 Kh8 18. Be3 b6 19. b5 Nc5 20. Bxc5 bxc5 21. Ra1 Rxa1 22.
Rxa1 e4 23. fxe4 fxe4 24. g3 exd3 25. Qxd3 Qf6 26. Rc1 Bh3 27. Qd1 Qf3 28. Nf4
Bd4+ {White resigns} 0-1

[Event "Team 45 45 League T43"]
[Site "Internet Chess Club"]
[Date "2009.10.31"]
[Round "1"]
[White "VietLion"]
[Black "Ickabod"]
[Result "1-0"]
[WhiteElo "1933"]
[BlackElo "1713"]
[Opening "Pirc: Austrian attack"]
[ECO "B09"]
[Time "16:01:11"]
[TimeControl "2700+45"]

1. e4 d6 2. d4 Nf6 3. Nc3 g6 4. f4 c6 5. Nf3 Bg7 6. Be3 O-O 7. Bd3 e5 8. dxe5
dxe5 9. Nxe5 Nbd7 10. Nxd7 Bxd7 11. Be2 Qa5 12. e5 Nd5 13. Bd2 Qc7 14. Nxd5 cxd5
15. Bc3 Rad8 16. O-O Bf5 17. Bd3 d4 18. Bb4 Bxd3 19. Qxd3 Rfe8 20. Bd6 Qb6 21.
b4 f6 22. Bc5 Qc6 23. Qc4+ Kh8 24. b5 Qc7 25. Qb4 fxe5 26. b6 Qc6 27. bxa7 Rd5
28. Qa3 b6 29. Bxb6 exf4 30. Rae1 Re3 31. a8=Q+ {Black resigns} 1-0

[Event "Team 45 45 League T43"]
[Site "Internet Chess Club"]
[Date "2009.11.02"]
[Round "1"]
[White "clarinetref"]
[Black "room-matt"]
[Result "1-0"]
[WhiteElo "1664"]
[BlackElo "1689"]
[Opening "Réti: King's Indian attack"]
[ECO "A05"]
[Time "11:11:02"]
[TimeControl "2700+45"]

1. Nf3 Nf6 2. g3 g6 3. Bg2 Bg7 4. O-O O-O 5. d3 d5 6. Nbd2 d4 7. c3 dxc3 8. bxc3
c5 9. Bb2 Nc6 10. Qc2 Qc7 11. e4 Bg4 12. h3 Be6 13. Ng5 Bd7 14. f4 Nh5 15. Kh2
Bf6 16. h4 e5 17. f5 Bxg5 18. hxg5 gxf5 19. exf5 Ng7 20. Be4 b5 21. a3 Qd6 22.
Rad1 Rfe8 23. g4 h6 24. Nf3 hxg5 25. Nxg5 Qh6+ 26. Nh3 Kf8 27. Bc1 Qd6 28. Qg2
f6 29. Bh6 Re7 30. g5 Rf7 31. gxf6 Qxf6 32. Qg5 Rb8 33. Rg1 Qxg5 34. Nxg5 {Black
resigns} 1-0

[Event "Team 45 45 League T43"]
[Site "Internet Chess Club"]
[Date "2009.10.30"]
[Round "1"]
[White "Chess64655"]
[Black "froggoathorse"]
[Result "0-1"]
[WhiteElo "1646"]
[BlackElo "1649"]
[Opening "Scotch game"]
[ECO "C45"]
[Time "17:52:48"]
[TimeControl "2700+45"]

1. e4 e5 2. Nf3 Nc6 3. d4 exd4 4. Nxd4 Bc5 5. Be3 Bb6 6. Nc3 Nf6 7. Be2 O-O 8.
O-O d6 9. Nxc6 bxc6 10. Bg5 h6 11. Bh4 Bb7 12. Bd3 Re8 13. Qf3 Bd4 14. Ne2 Be5
15. Bg3 Bxg3 16. Nxg3 c5 17. Rfe1 Qd7 18. Nf5 Kh8 19. Nxh6 Qe6 20. Nf5 Bxe4 21.
Bxe4 Nxe4 22. Qg4 g6 23. Qh4+ Kg8 24. Nh6+ Kg7 25. f3 g5 26. Qxe4 Kxh6 27. Qxe6+
Rxe6 28. Kf2 Rae8 29. Rxe6+ Rxe6 30. Re1 Rxe1 31. Kxe1 Kg6 32. Kd2 Kf5 33. Ke3
Ke5 34. c4 c6 35. g3 d5 36. f4+ gxf4+ 37. gxf4+ Kf5 38. cxd5 cxd5 39. b3 a5 40.
h3 c4 41. bxc4 dxc4 42. Kd4 Kxf4 43. Kxc4 Kg3 44. Kd4 f5 45. Ke3 f4+ 46. Ke2 Kg2
47. h4 f3+ 48. Ke3 f2 49. h5 f1=Q {White resigns} 0-1

[Event "Team 45 45 League T42"]
[Site "Internet Chess Club"]
[Date "2009.10.29"]
[Round "1"]
[White "Gregorio"]
[Black "SlimeDog2"]
[Result "1/2-1/2"]
[WhiteElo "2023"]
[BlackElo "2139"]
[Opening "English opening"]
[ECO "A15"]
[Time "20:16:55"]
[TimeControl "2700+45"]

1. c4 Nf6 2. Nf3 g6 3. b4 Bg7 4. Bb2 O-O 5. g3 c6 6. d3 d5 7. Nbd2 a5 8. a3 Na6
9. b5 cxb5 10. cxb5 Nc5 11. Rc1 b6 12. Bd4 Ncd7 13. Ne5 Ng4 14. Nc6 Bxd4 15. e3
Qe8 16. Nxd4 e5 17. Qxg4 Nc5 18. Qh4 exd4 19. Qxd4 Qxb5 20. Rb1 Qa6 21. h4 h5
22. Nb3 Ne6 23. Qf6 a4 24. d4 Qa7 25. Nd2 Ba6 26. Nf3 Rfc8 27. Ne5 Nf8 28. Bxa6
Qxa6 29. Qxf7+ Kh8 30. Qf6+ Kh7 31. Nf7 Kg8 32. Ng5 Rc2 33. Qf3 Qc4 34. Qf7+ Kh8
35. Qf6+ Kg8 36. Qf7+ Kh8 37. Qf3 Rc8 38. Qf6+ Kg8 {Game drawn by mutual
agreement} 1/2-1/2

[Event "Team 45 45 League T42"]
[Site "Internet Chess Club"]
[Date "2009.10.29"]
[Round "1"]
[White "crag"]
[Black "Phosphorus"]
[Result "1-0"]
[WhiteElo "1843"]
[BlackElo "1881"]
[Opening "French: Tarrasch, Guimard main line"]
[ECO "C04"]
[Time "15:49:41"]
[TimeControl "2700+45"]

1. e4 e6 2. d4 d5 3. Nd2 Nc6 4. Ngf3 Nf6 5. e5 Nd7 6. c3 f6 7. exf6 Qxf6 8. Nb3
e5 9. Bb5 e4 10. Nfd2 Bd6 11. Qh5+ Qg6 12. Qxd5 Nf6 13. Bxc6+ Kf8 14. Qc4 Qxg2
15. Qf1 Qxf1+ 16. Nxf1 bxc6 17. Bg5 Kf7 18. Nfd2 Bh3 19. O-O-O Rhe8 20. Rde1 Ng4
21. Nxe4 Rxe4 22. Rxe4 Nxf2 23. Rh4 Nxh1 24. Rxh3 Re8 25. Kd2 Kg6 26. Be3 Re4
27. Ke2 Rg4 28. Kf3 h5 29. Na5 {Black resigns} 1-0

[Event "Team 45 45 League T43"]
[Site "Internet Chess Club"]
[Date "2009.10.31"]
[Round "1"]
[White "Matusalen"]
[Black "hondocando"]
[Result "0-1"]
[WhiteElo "2004"]
[BlackElo "1870"]
[Opening "Réti opening"]
[ECO "A04"]
[Time "20:02:57"]
[TimeControl "2700+45"]

1. Nf3 e6 2. g3 b6 3. Bg2 Bb7 4. O-O Nf6 5. d3 Nc6 6. Nbd2 Be7 7. e4 O-O 8. h4
d5 9. e5 Ng4 10. Re1 Bc5 11. d4 Nxf2 12. Kxf2 Nxd4 13. b4 Nb5+ 14. Re3 Bxe3+ 15.
Kxe3 d4+ 16. Kf2 f6 17. Qe1 a5 18. bxa5 Rxa5 19. Nc4 Ra8 20. exf6 Qxf6 21. Bf4
Bd5 22. Nce5 Qf5 23. Qd2 Ra6 24. a4 c5 25. Kg1 Nc3 26. Bf1 b5 27. a5 Rfa8 28. g4
Qf8 29. Ng5 Rxa5 30. Rxa5 Rxa5 31. Qd3 Ne4 32. Bg3 c4 33. Qxe4 Bxe4 34. Nxe4 Ra2
35. Ng5 Rxc2 36. Nxe6 Qa3 37. Bf4 Qd6 38. Ng5 d3 39. Ng6 Qb6+ {White resigns}
0-1

[Event "Team 45 45 League T42"]
[Site "Internet Chess Club"]
[Date "2009.10.29"]
[Round "1"]
[White "chess2k7"]
[Black "MisticKnights"]
[Result "1-0"]
[WhiteElo "1837"]
[BlackElo "1897"]
[Opening "QGD Slav: 4.Nc3"]
[ECO "D15"]
[Time "13:00:25"]
[TimeControl "2700+45"]

1. d4 d5 2. c4 c6 3. Nc3 Nf6 4. Nf3 Bf5 5. cxd5 cxd5 6. Qb3 Qb6 7. Nxd5 Nxd5 8.
Qxd5 e6 9. Qb3 Nc6 10. Bd2 Bb4 11. e3 a5 12. a3 a4 13. Qd1 Bxd2+ 14. Qxd2 Na5
15. Qb4 Qxb4+ 16. axb4 Nb3 17. Bb5+ Ke7 18. Ra3 Rhc8 19. O-O Be4 20. Bxa4 Bxf3
21. gxf3 Nd2 22. Rfa1 Nxf3+ 23. Kg2 Nh4+ 24. Kf1 Rc4 25. Bb3 Rxa3 26. bxa3 Rc3
27. Bd1 Nf5 28. a4 Nd6 29. Ke2 Rc4 30. b5 Rb4 31. Kd3 f6 32. Kc3 Rc4+ 33. Kb3
Rc8 34. Be2 Ne4 35. a5 Kd6 36. f3 Ng5 37. a6 b6 38. a7 Ra8 39. Kb4 Kc7 40. Bc4
Kb7 41. f4 h6 42. fxg5 hxg5 43. Bxe6 Rxa7 44. Rxa7+ Kxa7 45. d5 g6 {Black
resigns} 1-0

[Event "Team 45 45 League T43"]
[Site "Internet Chess Club"]
[Date "2009.10.31"]
[Round "1"]
[White "Zebbile"]
[Black "fledermaus"]
[Result "1/2-1/2"]
[WhiteElo "2014"]
[BlackElo "2102"]
[Opening "Queen's bishop game"]
[ECO "D02"]
[Time "13:01:41"]
[TimeControl "2700+45"]

1. Nf3 d5 2. d4 Nf6 3. Bf4 Bf5 4. e3 c6 5. c4 e6 6. Nc3 Bd6 7. Ne5 O-O 8. Bd3
Bxd3 9. Qxd3 Qe7 10. c5 Bc7 11. b4 Nh5 12. Bg3 f6 13. Nf3 e5 14. dxe5 fxe5 15.
Bh4 Nf6 16. Qd2 a5 {Game drawn by mutual agreement} 1/2-1/2

[Event "Team 45 45 League T43"]
[Site "Internet Chess Club"]
[Date "2009.11.01"]
[Round "1"]
[White "jonesey"]
[Black "Merciful"]
[Result "0-1"]
[WhiteElo "2008"]
[BlackElo "1949"]
[Opening "QGD Slav defense, Alekhine variation"]
[ECO "D10"]
[Time "10:00:20"]
[TimeControl "2700+45"]

1. d4 d5 2. c4 c6 3. Nc3 dxc4 4. e4 b5 5. a4 b4 6. Nb1 Ba6 7. Nf3 Nf6 8. e5 Nd5
9. e6 f6 10. Nh4 Qd6 11. Qh5+ Kd8 12. Qg4 Nc7 13. Be3 Nxe6 14. Be2 g6 15. O-O f5
16. Qf3 f4 17. d5 cxd5 18. Rd1 Nd7 19. Rxd5 Bb7 20. Rxd6 Bxf3 21. Rxd7+ Kxd7 22.
Bxf3 fxe3 23. Bxa8 Nd4 24. Nc3 bxc3 25. Rd1 Bg7 26. fxe3 c2 {White resigns} 0-1

[Event "Team 45 45 League T43"]
[Site "Internet Chess Club"]
[Date "2009.10.31"]
[Round "1"]
[White "Jaimini"]
[Black "smitty120"]
[Result "0-1"]
[WhiteElo "1960"]
[BlackElo "1930"]
[Opening "Giuoco Pianissimo: Canal variation"]
[ECO "C55"]
[Time "21:00:27"]
[TimeControl "2700+45"]

1. e4 e5 2. Nf3 Nc6 3. Bc4 Nf6 4. d3 Bc5 5. Nc3 d6 6. Bg5 h6 7. Bh4 Be6 8. Bd5
O-O 9. h3 Rb8 10. O-O Nd4 11. Nxd4 Bxd4 12. Ne2 Bxb2 13. Rb1 Bxd5 14. exd5 Ba3
15. c3 g5 16. Bg3 Bc5 17. d4 exd4 18. cxd4 Bb6 19. f4 Nxd5 20. Qb3 Nxf4 21. Bxf4
gxf4 22. Rxf4 Qe7 23. Qf3 Rbe8 24. Kh1 Kh8 25. Ng3 Qe3 26. Qh5 Qxf4 27. Nf5 Qg5
28. Qf3 Rg8 29. a4 Re6 30. a5 Bxa5 31. Rb5 Qc1+ 32. Kh2 Bd2 33. g3 Bg5 34. h4
Qc2+ 35. Kh3 Bc1 36. Ne7 Rg7 37. Nf5 Rgg6 38. Rxb7 Re2 39. g4 Rh2+ 40. Kg3 h5
41. Rb8+ Kh7 42. Ne3 Bxe3 43. Qxf7+ Rg7 44. Qxh5+ Bh6 45. Rh8+ Kxh8 46. Qxh6+
Kg8 47. Qe6+ Rf7 {White resigns} 0-1

[Event "Team 45 45 League T43"]
[Site "Internet Chess Club"]
[Date "2009.10.31"]
[Round "1"]
[White "fishhead"]
[Black "upsan"]
[Result "1-0"]
[WhiteElo "2081"]
[BlackElo "1781"]
[Opening "Caro-Kann: two knights, 3...Bg4"]
[ECO "B11"]
[Time "15:00:23"]
[TimeControl "2700+45"]

1. e4 c6 2. Nc3 d5 3. Nf3 Bg4 4. h3 Bh5 5. exd5 cxd5 6. Bb5+ Nc6 7. g4 Bg6 8.
Ne5 Qd6 9. d4 f6 10. Nxg6 hxg6 11. Qf3 O-O-O 12. Be3 e5 13. O-O-O e4 14. Qg2 Qe6
15. f3 f5 16. fxe4 fxe4 17. g5 Bb4 18. Be2 Nge7 19. Bg4 Nf5 20. Ne2 Qe7 21. Ng3
Rdf8 22. Rhf1 Qd7 23. Qf2 Nce7 24. Bf4 Kd8 25. c3 Bd6 26. Ne2 Qc7 27. Qh2 Nc8
28. Bxd6 Qxd6 29. Qxd6+ Ncxd6 30. Nf4 Nc4 31. Nxg6 Nce3 32. Nxh8 Nxd1 33. Rxf5
Rxf5 34. Bxf5 Ne3 35. Bg4 {Black resigns} 1-0

[Event "Team 45 45 League T43"]
[Site "Internet Chess Club"]
[Date "2009.11.02"]
[Round "1"]
[White "OOB1"]
[Black "thefranman"]
[Result "1-0"]
[WhiteElo "1575"]
[BlackElo "1488"]
[Opening "Sicilian: Scheveningen (Paulsen), classical variation"]
[ECO "B84"]
[Time "21:03:18"]
[TimeControl "2700+45"]

1. e4 c5 2. Nf3 d6 3. d4 cxd4 4. Nxd4 Nf6 5. Nc3 a6 6. Be2 e6 7. Nf3 Qc7 8. Be3
Be7 9. O-O O-O 10. Qd3 Nbd7 11. h3 b5 12. a3 Bb7 13. Bd4 Nc5 14. Bxc5 Qxc5 15.
b4 Qc7 16. a4 Rac8 17. Nb1 Bxe4 18. Qe3 Qxc2 19. axb5 axb5 20. Bxb5 Bb7 21. Bd3
Qb2 22. Nbd2 Bxf3 23. Nxf3 Qxb4 24. Rab1 Qc3 25. Rbc1 Qb2 26. Rb1 Qa2 27. Ra1
Qd5 28. Rfd1 Qb7 29. Ba6 Nd5 30. Qd2 Qd7 31. Bxc8 Rxc8 32. Rac1 Rb8 33. Rc2 Bf6
34. Rdc1 g6 35. Qh6 Bg7 36. Qh4 h6 37. Qc4 Kh7 38. Nh2 Rb4 39. Qc6 Qe7 40. Rc4
Rb2 41. R4c2 Nb4 42. Qc7 Qxc7 43. Rxc7 Nd3 44. Rf1 Ne5 45. f4 Nd3 46. Rxf7 h5
47. Nf3 Kh6 48. Rd1 Nf2 49. Rxd6 Ne4 50. Rxe6 Ng3 51. Ree7 Nf5 52. Re6 h4 53.
Rxf5 {Black resigns} 1-0

[Event "Team 45 45 League T43"]
[Site "Internet Chess Club"]
[Date "2009.10.30"]
[Round "1"]
[White "scottrugby"]
[Black "rd00d"]
[Result "1-0"]
[WhiteElo "1509"]
[BlackElo "1473"]
[Opening "French: Marshall variation"]
[ECO "C10"]
[Time "21:59:17"]
[TimeControl "2700+45"]

1. e4 e6 2. d4 d5 3. Nc3 c5 4. exd5 exd5 5. dxc5 d4 6. Qe2+ Qe7 7. Qxe7+ Bxe7 8.
Ne4 Nf6 9. Nxf6+ Bxf6 10. Nf3 Nc6 11. Bb5 O-O 12. Bxc6 bxc6 13. O-O Bf5 14. Rd1
Rad8 15. Rd2 a5 16. Rb1 Rd5 17. b3 Rfd8 18. Ba3 Be7 19. Rc1 Bg4 20. Re1 Bxc5 21.
Bxc5 Bxf3 22. Rxd4 Rxd4 23. Bxd4 f6 24. c3 Bd5 25. Bb6 Ra8 26. c4 Bf7 27. f4 a4
28. Re7 axb3 29. axb3 Ra3 30. Rc7 Rxb3 31. Rc8+ {Black resigns} 1-0

[Event "Team 45 45 League T43"]
[Site "Internet Chess Club"]
[Date "2009.11.01"]
[Round "1"]
[White "Jugurtha"]
[Black "Just-Jim"]
[Result "1-0"]
[WhiteElo "1410"]
[BlackElo "1485"]
[Opening "QGD Slav: 3.Nf3"]
[ECO "D11"]
[Time "14:00:12"]
[TimeControl "2700+45"]

1. d4 d5 2. c4 c6 3. Nf3 Bf5 4. Nc3 Nf6 5. e3 e6 6. Bd3 Bxd3 7. Qxd3 h6 8. O-O
Be7 9. Bd2 O-O 10. Ne5 Nbd7 11. Nxd7 Qxd7 12. c5 Qd8 13. b4 b6 14. f3 bxc5 15.
bxc5 Nh7 16. e4 Bg5 17. Bxg5 Nxg5 18. e5 f6 19. Rae1 f5 20. Ne2 Qe7 21. Nf4 Qf7
22. Qa6 Rac8 23. a4 Rb8 24. Qxc6 Rb4 25. Rd1 Rb7 26. h4 Nh7 27. Qxe6 Qxe6 28.
Nxe6 Re8 29. Nf4 Rd8 30. Rb1 Rf7 31. e6 Re7 32. Rfe1 Nf6 33. c6 g5 34. hxg5 hxg5
35. Nd3 Ne8 36. Nc5 Rc8 37. Rb7 Rxb7 38. cxb7 Rb8 39. Rb1 Nd6 40. a5 Kg7 41. a6
g4 42. fxg4 fxg4 43. Re1 Nf5 44. e7 Re8 45. b8=Q Rxb8 46. e8=Q Rb2 47. Qe5+ Kg6
48. Qe6+ Kg5 49. Qxd5 g3 50. Ne4+ Kf4 51. Rf1+ {Black resigns} 1-0

[Event "Team 45 45 League T42"]
[Site "Internet Chess Club"]
[Date "2009.10.29"]
[Round "1"]
[White "hcarstens"]
[Black "Conjurer"]
[Result "0-1"]
[WhiteElo "1206"]
[BlackElo "1419"]
[Opening "Sicilian"]
[ECO "B50"]
[Time "21:55:32"]
[TimeControl "2700+45"]

1. e4 c5 2. Nf3 d6 3. Bc4 Nf6 4. d3 Bg4 5. Bg5 Nbd7 6. Nbd2 g6 7. c3 Bg7 8. Qb3
Ne5 9. Nxe5 dxe5 10. Bxf7+ Kf8 11. Bxf6 Bxf6 12. Bd5 Rb8 13. f3 Bc8 14. Qa3 e6
15. Qxc5+ Be7 16. Qxa7 Qc7 17. Bb3 Bc5 18. Qa4 Kg7 19. O-O-O b5 20. Qc4 bxc4 21.
Nxc4 Ba6 22. Kc2 Rhc8 23. Rhf1 Qc6 24. g3 Bxc4 25. dxc4 Be3 26. f4 Qxe4+ 27. Rd3
Rd8 28. Rd1 Rxd3 29. Rxd3 Rd8 {White resigns} 0-1

[Event "Team 45 45 League T43"]
[Site "Internet Chess Club"]
[Date "2009.10.31"]
[Round "1"]
[White "rookmaster23"]
[Black "medsurg"]
[Result "0-1"]
[WhiteElo "1396"]
[BlackElo "1443"]
[Opening "QGD semi-Slav"]
[ECO "D43"]
[Time "16:00:16"]
[TimeControl "2700+45"]

1. d4 d5 2. c4 c6 3. Nc3 Nf6 4. Nf3 e6 5. Bf4 Bd6 6. Bxd6 Qxd6 7. e3 Nbd7 8. Bd3
O-O 9. Qc2 h6 10. O-O Re8 11. cxd5 exd5 12. Rfe1 Nf8 13. e4 dxe4 14. Nxe4 Nxe4
15. Bxe4 Be6 16. Re2 Rac8 17. Rae1 Qd7 18. b3 Re7 19. Qd3 Rce8 20. Nh4 Bg4 21.
f3 Be6 22. Nf5 Bxf5 23. Bxf5 Qd6 24. Rxe7 Rxe7 25. Rxe7 Qxe7 26. Qe4 Qa3 27. Bc8
Qc1+ 28. Kf2 b6 29. Bb7 Qd2+ 30. Kg3 Qg5+ 31. Qg4 Qf6 32. Qe4 Qg5+ 33. Kf2 Qd2+
34. Kf1 Qd1+ 35. Kf2 Qd2+ 36. Kg3 Qg5+ 37. Kh3 Ne6 38. g3 Qf6 39. Qxc6 Qxd4 40.
Qe8+ Nf8 41. Be4 Qc5 42. Qb8 a5 43. Qb7 Qh5+ 44. Kg2 Qc5 45. Bd5 Qc2+ 46. Kh3
Qg6 47. Bc6 Qf5+ 48. g4 Qc5 49. Bd5 Ne6 50. Qd7 Nf4+ 51. Kg3 Nxd5 52. Qe8+ Kh7
53. Qxf7 Qc7+ 54. Qxc7 Nxc7 55. h4 Ne6 {White resigns} 0-1

[Event "Team 45 45 League T43"]
[Site "Internet Chess Club"]
[Date "2009.11.03"]
[Round "1"]
[White "milesotoole"]
[Black "LeanSixSigma"]
[Result "0-1"]
[WhiteElo "1320"]
[BlackElo "1352"]
[Opening "Queen's bishop game"]
[ECO "D02"]
[Time "20:10:42"]
[TimeControl "2700+45"]

1. d4 d5 2. Nf3 Nf6 3. Bf4 c6 4. e3 Bg4 5. h3 Bh5 6. Bd3 Ne4 7. Nbd2 e6 8. Nxe4
dxe4 9. Bxe4 Qa5+ 10. c3 Be7 11. Qc2 Bg6 12. Bxg6 fxg6 13. Ne5 O-O 14. Qb3 Qd5
15. Qxb7 Qxg2 16. O-O-O Qd5 17. Qxa8 Qxa2 18. Nxc6 Qa1+ 19. Kc2 Qa4+ 20. Kc1
Nxc6 21. Qb7 Qa1+ 22. Kd2 Qa4 23. Ra1 Qc4 24. b3 Qd5 25. Rhg1 Bf6 26. Kc2 Nxd4+
27. cxd4 Qxb7 {White resigns} 0-1

[Event "Team 45 45 League T43"]
[Site "Internet Chess Club"]
[Date "2009.10.31"]
[Round "1"]
[White "BosqueVerde"]
[Black "fuzzface"]
[Result "0-1"]
[WhiteElo "1220"]
[BlackElo "1389"]
[Opening "QGD Slav: 4.Nc3"]
[ECO "D15"]
[Time "11:00:18"]
[TimeControl "2700+45"]

1. d4 d5 2. c4 c6 3. Nc3 Nf6 4. Nf3 h6 5. Qc2 Bg4 6. Qb3 Qb6 7. cxd5 Qxb3 8.
axb3 Bxf3 9. exf3 cxd5 10. Bf4 a6 11. Bd3 Nc6 12. O-O Nxd4 13. b4 e6 14. Be5 Nc6
15. Bxf6 gxf6 16. b5 Nb4 17. Be2 a5 18. b6 Bc5 19. Bb5+ Ke7 20. Na4 Rhc8 21.
Rac1 Kd6 22. Rc3 Na2 23. Rc2 Nb4 24. Rc3 Na2 25. Rc2 Nb4 26. Re2 Bd4 27. Rd1 e5
28. g4 Rc2 29. Rxc2 Nxc2 30. Rc1 Rc8 31. Bd3 e4 32. fxe4 dxe4 33. Bxe4 Ke5 34.
Bxc2 Kf4 35. h3 Rc4 36. Kf1 Kg5 37. f3 Kh4 38. Kg2 Be3 39. Bb3 Rxc1 40. Nc3 Bxb6
41. Nd5 Bd4 42. Ne7 Rb1 43. Nf5+ Kg5 44. Nxd4 Rxb2+ 45. Kg3 a4 46. h4+ Kg6 47.
Bxa4 Rd2 48. Bc2+ Kg7 49. Nf5+ Kf8 50. Be4 b5 51. Nxh6 b4 52. Kf4 b3 53. Kf5 b2
54. Kxf6 Rd6+ 55. Kg5 Rd5+ 56. Nf5 Re5 57. Bb1 Re1 58. Ba2 Ra1 59. h5 Rxa2 60.
h6 b1=Q 61. h7 Qb2 62. f4 Qh8 63. Nh4 Ra5+ 64. Nf5 Ra6 65. Nh6 Qf6+ 66. Kh5
Qxh6# {White checkmated} 0-1

[Event "Team 45 45 League T43"]
[Site "Internet Chess Club"]
[Date "2009.11.03"]
[Round "1"]
[White "Matthew1814"]
[Black "rubo"]
[Result "1/2-1/2"]
[WhiteElo "1854"]
[BlackElo "1681"]
[Opening "Caro-Kann: two knights, 3...Bg4"]
[ECO "B10"]
[Time "13:07:39"]
[TimeControl "2700+45"]

1. e4 c6 2. Nf3 d5 3. Nc3 Bg4 4. Be2 e6 5. O-O Nd7 6. h3 Bxf3 7. Bxf3 d4 8. Ne2
Ne5 9. Ng3 Nxf3+ 10. Qxf3 Qf6 11. Qxf6 Nxf6 12. d3 g6 13. f4 Bg7 14. e5 Nd5 15.
Bd2 O-O 16. c4 dxc3 17. bxc3 b6 18. c4 Nc7 19. Ne4 Rfd8 20. Rf3 Ne8 21. Be1 c5
22. Bh4 Rd7 23. Rd1 Rc8 24. g4 h6 25. Rf2 Rcc7 26. Rfd2 Bh8 27. Bf2 f5 28. exf6
Nxf6 29. Nxf6+ Bxf6 30. d4 cxd4 31. Bxd4 Bxd4+ 32. Rxd4 Rxd4 33. Rxd4 Kf7 34.
Kf2 Ke7 35. Ke3 Rc5 36. Ke4 Ra5 37. Rd2 Ra3 38. Rh2 Rc3 39. Kd4 Rf3 40. Ke4 Rc3
41. Kd4 Rf3 42. Ke4 Rc3 43. Kd4 Rf3 {Game drawn by repetition} 1/2-1/2

[Event "Team 45 45 League T43"]
[Site "Internet Chess Club"]
[Date "2009.10.30"]
[Round "1"]
[White "rayngrant"]
[Black "kidviper"]
[Result "0-1"]
[WhiteElo "1574"]
[BlackElo "1872"]
[Opening "Scandinavian (center counter) defense"]
[ECO "B01"]
[Time "18:34:16"]
[TimeControl "2700+45"]

1. e4 d5 2. exd5 Qxd5 3. Nc3 Qa5 4. d4 c6 5. Bd2 Nf6 6. Bd3 Qb6 7. Nge2 Bg4 8.
Rb1 e6 9. O-O Bd6 10. f3 Bh5 11. Ne4 Nxe4 12. Bxe4 Nd7 13. c4 Qc7 14. f4 Nf6 15.
Bd3 O-O 16. Qe1 c5 17. dxc5 Bxc5+ 18. Kh1 Rfd8 19. Bc2 Ng4 20. Ng3 Bg6 21. Bxg6
hxg6 22. Ne4 Bb6 23. b3 Rd7 24. h3 Nh6 25. Bb4 Qc6 26. c5 Bc7 27. Rc1 Rd4 28.
Rc4 Rxc4 29. bxc4 Rd8 30. Ng5 Rd4 31. Qe2 Rxf4 32. Rxf4 Bxf4 33. Ne4 Nf5 34. Qd3
Qxe4 35. Qxe4 Ng3+ 36. Kg1 Nxe4 37. a4 Nd2 {White resigns} 0-1

[Event "Team 45 45 League T43"]
[Site "Internet Chess Club"]
[Date "2009.10.30"]
[Round "1"]
[White "kidcobra"]
[Black "quotha"]
[Result "0-1"]
[WhiteElo "1589"]
[BlackElo "1649"]
[Opening "Philidor: exchange variation"]
[ECO "C41"]
[Time "12:56:10"]
[TimeControl "2700+45"]

1. e4 e5 2. Nf3 d6 3. d4 exd4 4. Nxd4 Be7 5. Nc3 Nf6 6. Bc4 O-O 7. Be3 a6 8. Bd3
c5 9. Nf3 Nc6 10. O-O b5 11. a3 Be6 12. Re1 Ng4 13. Bf4 Nge5 14. Nxe5 dxe5 15.
Bg3 f6 16. Be2 Nd4 17. h3 b4 18. axb4 cxb4 19. Na4 Bd7 20. Bc4+ Kh8 21. c3 Nb5
22. Rc1 bxc3 23. Nxc3 Nxc3 24. bxc3 Qc7 25. Be2 Rfd8 26. Qc2 Be6 27. Red1 Rdc8
28. Rd3 a5 29. Qa4 Qb6 30. Rd2 Bc5 31. Bb5 Be3 32. fxe3 Qxe3+ 33. Bf2 Qxd2 34.
Rd1 Qxc3 35. Bd7 Bxd7 36. Qxd7 Qc6 37. Qd3 a4 38. Qa3 Qxe4 39. Bb6 Qc2 40. Qf3
a3 41. Ra1 Qb2 42. Rd1 Qxb6+ 43. Kh2 a2 44. Rc1 a1=Q 45. Rxa1 Rxa1 46. Qg4 Qg1+
47. Kg3 Ra3+ 48. Kh4 Qf2+ 49. Kh5 g6+ 50. Kh6 Qe3+ 51. Qf4 Qxf4# {White
checkmated} 0-1

[Event "Team 45 45 League T43"]
[Site "Internet Chess Club"]
[Date "2009.11.03"]
[Round "1"]
[White "scottrugby"]
[Black "MateIn42"]
[Result "0-1"]
[WhiteElo "1378"]
[BlackElo "1360"]
[Opening "Scotch gambit"]
[ECO "C44"]
[Time "22:00:16"]
[TimeControl "2700+45"]

1. e4 e5 2. Nf3 Nc6 3. d4 exd4 4. Bc4 d5 5. exd5 Na5 6. Qxd4 Nxc4 7. Qxc4 Nf6 8.
Nc3 Bd6 9. O-O O-O 10. Ne4 Nxe4 11. Qxe4 Re8 12. Qc4 Bf5 13. Nd4 Re4 14. f3 Qh4
15. fxe4 Bxh2+ 16. Kh1 Bg3+ 17. Kg1 Qh2# {White checkmated} 0-1

[Event "Team 45 45 League T43"]
[Site "Internet Chess Club"]
[Date "2009.10.30"]
[Round "1"]
[White "SleepyEyes"]
[Black "Kallistos"]
[Result "0-1"]
[WhiteElo "1751"]
[BlackElo "1697"]
[Opening "Queen's gambit declined"]
[ECO "D30"]
[Time "17:08:05"]
[TimeControl "2700+45"]

1. d4 d5 2. c4 e6 3. c5 Nf6 4. Nf3 c6 5. Bg5 Nbd7 6. Nc3 b6 7. b4 Ba6 8. Qa4 Qc8
9. g3 Be7 10. Bg2 O-O 11. Ne5 Bb7 12. O-O h6 13. Bf4 Nh5 14. Nxd7 Qxd7 15. Bd2
a5 16. a3 axb4 17. Qxb4 bxc5 18. dxc5 Rfb8 19. Qd4 Ba6 20. Rfe1 Bc4 21. g4 Bf6
22. Qe3 d4 23. Qf3 dxc3 24. Bxc3 Bd5 25. e4 Bxc3 26. Qxc3 Nf6 27. exd5 cxd5 28.
Reb1 Nxg4 29. Rxb8+ Rxb8 30. Qg3 e5 31. h3 Nf6 32. Qxe5 Rc8 33. Qd4 Qa7 34. Rc1
Qxa3 35. Rc3 Qa7 36. Bxd5 Nxd5 37. Qxd5 Qa1+ {White resigns} 0-1

[Event "Team 45 45 League T43"]
[Site "Internet Chess Club"]
[Date "2009.11.03"]
[Round "1"]
[White "KoalieAwe"]
[Black "jacknor"]
[Result "1/2-1/2"]
[WhiteElo "1449"]
[BlackElo "1580"]
[Opening "King's Indian, 3.Nf3"]
[ECO "E60"]
[Time "17:09:00"]
[TimeControl "2700+45"]

1. d4 Nf6 2. c4 g6 3. Nf3 Bg7 4. Bf4 d6 5. Nc3 O-O 6. e4 Bg4 7. h3 Bxf3 8. Qxf3
c6 9. Bd3 Nbd7 10. Qe3 e5 11. dxe5 Nxe5 12. Be2 Re8 13. Rd1 Qc7 14. Bh6 Rad8 15.
Bxg7 Kxg7 16. Qg5 h6 17. Qg3 Qe7 18. O-O Ned7 19. Rxd6 Nxe4 20. Nxe4 Qxe4 21.
Bh5 Nf6 22. Bf3 Qe7 23. Rfd1 Rxd6 24. Rxd6 Qe1+ 25. Kh2 Ne4 26. Bxe4 Qxe4 27.
Qc3+ Kg8 28. Rd7 Re7 29. Rd8+ Re8 30. Rd7 {Game drawn by mutual agreement}
1/2-1/2

[Event "Team 45 45 League T43"]
[Site "Internet Chess Club"]
[Date "2009.11.02"]
[Round "1"]
[White "werty"]
[Black "wrimle"]
[Result "1/2-1/2"]
[WhiteElo "1525"]
[BlackElo "1516"]
[Opening "Dutch defense"]
[ECO "A84"]
[Time "14:45:15"]
[TimeControl "2700+45"]

1. d4 f5 2. c4 Nf6 3. Nf3 g6 4. Nc3 Bg7 5. e3 O-O 6. g3 d6 7. Bg2 Qe8 8. O-O Bd7
9. Re1 c6 10. e4 e5 11. exf5 Bxf5 12. dxe5 dxe5 13. Nxe5 Nbd7 14. Nxc6 bxc6 15.
Rxe8 Raxe8 16. Bxc6 Rc8 17. Bxd7 Bxd7 18. b3 Bc6 19. Bg5 Ne4 20. Nxe4 Bxa1 21.
Qxa1 Bxe4 22. Qd4 Bf3 23. h4 {Game drawn by mutual agreement} 1/2-1/2